 Dungeon Crawl Stone Soup version 0.26-a0-542-gbaa144ba5c (webtiles) character file.

Game seed: 3902148609853896795

2569 Aksej the Cudgeler (level 9, 0/68 HPs)
             Began as a Demonspawn Gladiator on Aug 17, 2020.
             Was a Believer of Qazlal.
             Slain by a gnoll (5 damage)
             ... on level 8 of the Dungeon.
             The game lasted 00:22:20 (8220 turns).

Aksej the Cudgeler (Demonspawn Gladiator)           Turns: 8220, Time: 00:22:21

Health: 0/68       AC:  5    Str: 20    XL:     9   Next: 31%
Magic:  0/13       EV: 14    Int:  9    God:    Qazlal [**....]
Gold:   115        SH:  7    Dex: 13    Spells: 9/13 levels left

rFire    . . .     SeeInvis +   a - +0 flail (venom)
rCold    + . .     Faith    .   (no shield)
rNeg     + . .     Spirit   +   b - +1 leather armour
rPois    .         Reflect  +   l - +2 hat
rElec    .         Harm     .   (no cloak)
rCorr    .                      c - +0 pair of gloves
MR       .....                  (no boots)
Stlth    ++........             g - amulet of reflection
HPRegen  1.21/turn              f - ring of see invisible
MPRegen  0.26/turn              n - ring of positive energy

@: mighty, stab
A: claws 2, fangs 1, clumsy 1, cold resistance 1, deformed body, powered by
death 1, strong 1, wild magic 1, magic shield, magic regeneration
a: Upheaval, Renounce Religion


You were on level 8 of the Dungeon.
You worshipped Qazlal.
Qazlal was pleased with you.
You visited 1 branch of the dungeon, and saw 8 of its levels.

You collected 405 gold pieces.
You spent 290 gold pieces at shops.

Inventory:

Hand Weapons
 a - a +0 flail of venom (weapon)
 k - the +8 short sword of Darkness {holy, +Fly rElec MP+9 Int-5, unknown}
   (You found it on level 5 of the Dungeon)

   It has been blessed by the Shining One to cause great damage to the undead
   and demons.
   It affects your intelligence (-5).
   It insulates you from electricity.
   It affects your magic capacity (+9).
   It lets you fly.
Missiles
 m - 6 javelins (quivered)
 q - 4 boomerangs
Armour
 b - a +1 leather armour (worn)
 c - a +0 pair of gloves (worn)
 l - a +2 hat (worn)
Jewellery
 f - a ring of see invisible (left hand)
 g - an amulet of reflection (around neck)
 i - an uncursed ring of flight
 n - a ring of positive energy (right hand)
 o - an uncursed amulet of regeneration {unknown}
Wands
 h - a wand of random effects (15)
 u - a wand of paralysis (4)
Scrolls
 e - a scroll of blinking
 j - 3 scrolls of teleportation
 r - 2 scrolls of remove curse
 s - 2 scrolls of fear
Potions
 d - a potion of brilliance
 t - a potion of curing


   Skills:
 + Level 5.0 Fighting
 * Level 7.0 Maces & Flails
 + Level 3.8 Throwing
 - Level 2.7 Armour
 + Level 5.3 Dodging
 - Level 3.1 Stealth
 + Level 2.7 Spellcasting
 + Level 0.8 Necromancy
 + Level 2.6 Transmutations
 + Level 1.1 Invocations
 + Level 0.7 Evocations


You had 9 spell levels left.
You knew the following spells:

 Your Spells              Type           Power        Failure   Level
a - Beastly Appendage     Tmut           #.....       17%         1
b - Wereblood             Tmut           #.......     26%         2
c - Animate Skeleton      Necr           #.....       34%         1

Your spell library contained the following spells:

 Spells                   Type           Power        Failure   Level
 Pain                     Necr           #...         34%         1
 Spider Form              Tmut/Pois      #.........   61%         3
 Vampiric Draining        Necr           #.........   67%         3
 Ice Form                 Ice/Tmut       #.......     94%         4
 Animate Dead             Necr           #.........   96%         4
 Blade Hands              Tmut           #.........   99%         5
 Agony                    Necr           #.......     100%        5


Dungeon Overview and Level Annotations

Branches:
Dungeon (8/15)             Temple (0/1) D:4
   Lair: D:8-11

Altars:
Cheibriados
Dithmenos
Gozag
Qazlal
Sif Muna

Shops:
D:6 !*

Annotations:
D:3 3 runed translucent doors, Tinttamiau's ghost, novice HaHu


Innate Abilities, Weirdness & Mutations

You have very sharp fingernails.
You regenerate a little health from kills.
When hurt, damage is shared between your health and your magic reserves.
You regenerate magic rapidly.
You have very sharp teeth.
You are clumsy. (Dex -2)
Your flesh is cold resistant. (rC+)
Armour fits poorly on your strangely shaped body.
Your muscles are strong. (Str +2)
Your spells are a little harder to cast, but a little more powerful.


Message History

The gnoll barely misses you.
The orc throws a boomerang.
You reflect the boomerang off an invisible shield around you!
The boomerang hits the orc.
The weapon returns to the orc!
The orc barely misses you. You block the gnoll's attack.
The gnoll sergeant barely misses you. The gnoll hits you with a +0 spear.
You barely miss the gnoll sergeant.
The gnoll sergeant is almost dead.
You block the gnoll's attack.
The orc throws a boomerang.
You reflect the boomerang off an invisible shield around you!
The boomerang hits the orc but does no damage.
The weapon returns to the orc!
You block the orc's attack. The gnoll barely misses you.
The gnoll is engulfed in freezing vapours.
You kill the gnoll!
Qazlal accepts your kill.
The gnoll sergeant hits you but does no damage.
The gnoll sergeant blocks your attack.
You bite the gnoll sergeant.
The gnoll sergeant is almost dead.
You block the gnoll's attack. The gnoll hits you.
You die...

#.....#
#.....#
#.....####
#.........
#.......
#.....#
#.gg○.#
#.)@o.#
#.g)§(#
######o...
.... ...
.. .


You could see a gnoll sergeant, 2 gnolls and 2 orcs.

Vanquished Creatures
  An orc warrior (D:8)
  A sky beast (D:7)
  A necrophage (D:7)
  4 ice beasts
  3 ogres
  2 centaurs
  A crocodile (D:7)
  2 bullfrogs
  A big kobold (D:6)
  A wyvern skeleton (D:7)
  A water moccasin zombie (D:5)
  4 scorpions
  2 howler monkeys
  5 hounds
  3 bullfrog skeletons
  A gnoll shaman (D:4)
  4 orc wizards
  Jessica (D:2)
  An iguana (D:5)
  Natasha (thrice) (D:2)
  3 worker ants
  2 worker ant zombies
  Robin (D:2)
  9 gnolls
  4 adders
  A shadow imp (D:5)
  An ooze (D:1)
  2 adder zombies
  An adder skeleton (D:4)
  4 worms (D:2)
  5 dart slugs
  5 leopard geckos
  10 orcs
  2 ball pythons
  3 giant cockroaches
  16 goblins
  13 hobgoblins
  11 jackals
  12 kobolds
  5 quokkas
  2 bats
  6 frilled lizards
  A leopard gecko skeleton (D:5)
  A leopard gecko zombie (D:5)
  5 rats
167 creatures vanquished.

Vanquished Creatures (others)
  3 fungi (D:3)
  A plant (D:3)
4 creatures vanquished.

Grand Total: 171 creatures vanquished

Notes
Turn   | Place    | Note
-------+----------+-------------------------------------------
     0 | D:1      | Aksej the Demonspawn Gladiator began the quest for the Orb.
     0 | D:1      | Reached XP level 1. HP: 16/16 MP: 1/1
   160 | D:1      | Gained mutation: When hurt, damage is shared between your
                  | health and your magic reserves. [demonic ancestry]
   160 | D:1      | Reached XP level 2. HP: 20/22 MP: 2/2
   478 | D:1      | Reached skill level 3 in Maces & Flails
  1133 | D:2      | Gained mutation: You regenerate a little health from kills.
                  | [demonic ancestry]
  1133 | D:2      | Reached XP level 3. HP: 27/27 MP: 3/3
  1194 | D:2      | Found a shimmering blue altar of Sif Muna.
  1207 | D:2      | Noticed Natasha
  1214 | D:2      | Found a shadowy altar of Dithmenos.
  1217 | D:2      | Noticed Robin
  1233 | D:2      | Killed Natasha
  1235 | D:2      | Gained mutation: You regenerate magic rapidly. [demonic
                  | ancestry]
  1235 | D:2      | Reached XP level 4. HP: 19/34 MP: 2/4
  1273 | D:2      | Killed Robin
  1466 | D:2      | Noticed Jessica
  1480 | D:2      | Killed Jessica
  1480 | D:2      | Reached skill level 1 in Armour
  1847 | D:2      | Noticed Natasha
  1866 | D:2      | Killed Natasha
  1866 | D:2      | Gained mutation: You have sharp fingernails. [demonic
                  | ancestry]
  1866 | D:2      | Reached XP level 5. HP: 24/39 MP: 3/5
  2007 | D:2      | Reached skill level 4 in Maces & Flails
  2338 | D:2      | Noticed Natasha
  2345 | D:2      | Killed Natasha
  2377 | D:2      | Gained mutation: Your magical capacity is low. (-10% MP)
                  | [potion of mutation]
  2377 | D:2      | Gained mutation: You are clumsy. (Dex -2) [potion of
                  | mutation]
  2377 | D:2      | Gained mutation: You possess an exceptional clarity of
                  | mind. [potion of mutation]
  2377 | D:2      | Gained mutation: Your mind is acute. (Int +2) [potion of
                  | mutation]
  2442 | D:3      | Found a snail-covered altar of Cheibriados.
  2724 | D:3      | Found a runed translucent gate.
  2727 | D:3      | Found a runed translucent gate.
  2727 | D:3      | Found a runed translucent gate.
  2727 | D:3      | Noticed Tinttamiau's ghost (novice HaHu)
  2896 | D:3      | Found a stormy altar of Qazlal.
  2903 | D:3      | Reached XP level 6. HP: 43/47 MP: 5/5
  2908 | D:3      | Became a worshipper of Qazlal Stormbringer
  3691 | D:4      | Found a staircase to the Ecumenical Temple.
  4040 | D:4      | Gained mutation: You have very sharp fingernails. [demonic
                  | ancestry]
  4040 | D:4      | Reached XP level 7. HP: 39/52 MP: 4/6
  4483 | D:4      | Reached skill level 5 in Maces & Flails
  4592 | D:5      | Entered Level 5 of the Dungeon
  4603 | D:5      | Found an opulent altar of Gozag.
  4628 | D:5      | Lost mutation: You possess an exceptional clarity of mind.
                  | [potion of mutation]
  4628 | D:5      | Lost mutation: Your magical capacity is low. (-10% MP)
                  | [potion of mutation]
  4628 | D:5      | Gained mutation: Your flesh is cold resistant. (rC+)
                  | [potion of mutation]
  4628 | D:5      | Gained mutation: You are frail. (-10% HP) [potion of
                  | mutation]
  4628 | D:5      | Gained mutation: You have very sharp teeth. [potion of
                  | mutation]
  4962 | D:5      | Reached skill level 1 in Stealth
  4975 | D:5      | Learned a level 1 spell: Beastly Appendage
  6027 | D:5      | Got a bone short sword
  6226 | D:6      | Reached XP level 8. HP: 43/54 MP: 7/9
  6231 | D:6      | Reached skill level 1 in Spellcasting
  6231 | D:6      | Reached skill level 1 in Transmutations
  6288 | D:6      | Found Siasef's Assorted Antiques.
  6303 | D:6      | Bought a scroll labeled DUXZUCEOSO for 25 gold pieces
  6303 | D:6      | Bought a scroll labeled WIRHAI TOTHRO for 25 gold pieces
  6305 | D:6      | Found Maneaxto's Distillery.
  6313 | D:6      | Bought a potion of might for 48 gold pieces
  6313 | D:6      | Bought a potion of mutation for 96 gold pieces
  6313 | D:6      | Bought a potion of heal wounds for 60 gold pieces
  6313 | D:6      | Bought a potion of curing for 36 gold pieces
  6313 | D:6      | Lost mutation: Your mind is acute. (Int +2) [potion of
                  | mutation]
  6313 | D:6      | Lost mutation: You are frail. (-10% HP) [potion of
                  | mutation]
  6313 | D:6      | Gained mutation: Armour fits poorly on your strangely
                  | shaped body. [potion of mutation]
  6313 | D:6      | Gained mutation: Your spells are a little harder to cast,
                  | but a little more powerful. [potion of mutation]
  6313 | D:6      | Gained mutation: Your muscles are strong. (Str +2) [potion
                  | of mutation]
  6675 | D:6      | Reached * piety under Qazlal
  6726 | D:6      | Reached skill level 6 in Maces & Flails
  7284 | D:7      | Reached skill level 5 in Dodging
  7373 | D:7      | Reached XP level 9. HP: 48/66 MP: 12/12
  7404 | D:7      | Found Durusu's Jewellery Shoppe.
  7462 | D:7      | Reached ** piety under Qazlal
  7845 | D:7      | Learned a level 2 spell: Wereblood
  7847 | D:7      | Learned a level 1 spell: Animate Skeleton
  8194 | D:8      | Reached skill level 5 in Fighting
  8203 | D:8      | Reached skill level 7 in Maces & Flails
  8203 | D:8      | Reached skill level 1 in Invocations
  8217 | D:8      | HP: 3/68 [gnoll/+0 spear (5)]
  8220 | D:8      | Slain by a gnoll

Illustrated notes

Levels and vault maps discovered:
D:1:      dpeg_arrival_shrine, layout_loops_corners, hangedman_decor_growths,
          corexii_leaking_fountain, chequers_serial_rivers_micro_c,
          minmay_misc_feat_diagonals
D:2:      layout_loops_ring, overflow_temple_1_default,
          nicolae_dithmenos_through_a_glass_darkly, feat_on_display, uniq_robin,
          uniq_natasha, uniq_jessica
D:3:      layout_rooms, lemuel_coloured_pillars_altar,
          gammafunk_ghost_nasty_kobolds, dk_noncrumbling_3, cheibriados_altar_1
D:4:      layout_basic, temple_hall
D:5:      layout_layer_cave, nicolae_gozag_cash_rules_everything_around_me
D:6:      layout_cave_pods, serial_shops, nicolae_shop_waterfront, shop
D:7:      layout_rooms, serial_shops, nicolae_shop_trees, kennysheep_nondescript
D:8:      layout_rooms, lair_entry_dummy, gammafunk_ghost_wrathful_warriors

Skill      XL: |  1  2  3  4  5  6  7  8  9 |
---------------+----------------------------+-----
Dodging        | 3 4 5 |  5.3
Throwing       | 2 3 |  3.8
Maces & Flails | 3 4 5 6 7 |  7.0
Armour         | 1 2 |  2.7
Fighting       | 3 4 5 |  5.0
Stealth        | 1 2 3 |  3.1
Spellcasting   | 2 |  2.7
Transmutations | 2 |  2.6
Invocations    | 1 |  1.1
Necromancy     | |  0.8
Evocations     | |  0.7

Action                   |  1- 3 |  4- 6 |  7- 9 || total
-------------------------+-------+-------+-------++-------
Melee: Flail             |    75 |   287 |   212 ||   574
       Bite              |       |       |    30 ||    30
Throw: Throwing net      |       |     4 |       ||     4
       Javelin           |       |     3 |    62 ||    65
       Boomerang         |       |       |     9 ||     9
  Use: Potion            |     4 |     2 |     8 ||    14
       Scroll            |     3 |     6 |     9 ||    18
Armor: Leather armour    |    19 |    93 |    52 ||   164
Dodge: Dodged            |    41 |   250 |   177 ||   468
Block: Other             |     7 |    92 |    80 ||   179
       Reflection        |       |     4 |     5 ||     9

Table legend: (Time is in decaauts)
 A = Elapsed time spent in this place.
 B = Non-inter-level travel time spent in this place.
 C = Inter-level travel time spent in this place.
 D = Time resting spent in this place.
 E = Time spent auto-exploring this place.
 F = Levels seen in this place.
 G = Mean time per level.
                   A        B        C        D        E       F      G
               +--------+--------+--------+--------+--------+-----+--------+
         Total |   8349 |   8128 |    221 |    809 |   5931 |   8 | 1043.6 |
       Dungeon |   8349 |   8128 |    221 |    809 |   5931 |   8 | 1043.6 |
               +--------+--------+--------+--------+--------+-----+--------+

Top non-repeatable levels by time:
     D:5: 1596 daAuts
     D:4: 1547 daAuts
     D:2: 1382 daAuts
     D:1: 1098 daAuts
     D:6: 1055 daAuts
     D:7: 970 daAuts
     D:3: 668 daAuts
     D:8: 29 daAuts
